cohdb
Replays
Latest Replays
All Replays
Popular Replays
Top Player Replays
Match Explorer
How It Works
Community
CoH3 Stats
Reddit
Sign in to upload your games and track your stats! →
Sign in with Steam
Match 41374560
Unlisted
Match 41374560
Overview
Messages
Build Orders
End
Panzerpioneer Squad
Selects Panzerjäger Kommand Battlegroup
Panzergrenadier Squad
250 Light Carrier
Construct Light Support Kompanie
MG34 Team
Assault Grenadier Squad
2.5-tonne Medical Truck
Panzerjäger Mechanized Group
Fire Support Elements
Veteran Squad Leaders
Construct Panzerarmee Kommand
Selects Mine Fields
Selects Defensive Positions
Selects Tank Busters
Selects Crew Shock Tactics
Armored Reserves
Pak 38 Anti-tank Gun Team
Panzer IV Assault Group
Walking Stuka Rocket Launcher
Panzer IV Assault Group
Flak 36 Anti-tank Gun Team
MG34 Team
Walking Stuka Rocket Launcher
Panzergrenadier Squad
Selects Butterfly Bomb Drop
Selects Anti-tank Overwatch
Butterfly Bomb Drop
Panzer IV Assault Group
AI Takeover
Prostenal
STRATEGO
Esxile
Mattfield27
0
0
Comments
sign in to comment!
No comments posted yet!